 Dungeon Sprint DCSS version 0.15-a0-1798-g4683f23 (webtiles) character file.

128853 BluebellGnoll the Slayer (level 16, -16/192 (195) HPs)
             Began as a Minotaur Fighter on June 30, 2014.
             Was the Champion of Jiyva.
             Killed by an indirect mummy death curse (26 damage)
             ... in the Dungeon (Sprint V: "Ziggurat Sprint").
             The game lasted 02:00:42 (2277 turns).

BluebellGnoll the Slayer (Minotaur Fighter)         Turns: 2277, Time: 02:00:43

HP -16/192 (195) AC 52     Str 16 (22) XL: 16   Next: 49%
MP  28/29        EV  6     Int 10      God: Jiyva [******]
Gold 0           SH 35     Dex 14      Spells:  0 memorised, 21 levels left

rFire  + + .     SeeInvis +     b - +14 obsidian axe {chop, +Fly Str+3 SInv Curse}
rCold  + . .     Clarity  .     I - +15 Maxwell's patent armour {rC+ rF+, -Cast -Tele MR+}
rNeg   + + +     rCorr    +     J - +18 shield of the gong {rElec rN+ MR+ EV-5}
rPois  +         rRot     .     (helmet restricted)
rElec  +         Spirit   .     C - +2 cloak {rPois} (curse)
SustAb .         Warding  +     a - +3 pair of gloves of the Eternal Void {rElec rF+}
rMut   .         NoTele   +     p - +2 pair of boots {Stlth+} (curse)
Gourm  .         NoCast   +     R - cursed brooch of Shielding {Ward rN+ AC+4 EV+4}
MR     +++..                    K - cursed ring of Shadows {Umbra +Inv rN+ SInv}
                                T - cursed ring of Vitality {HP+15 Regen}

@: mesmerised, wreathed by umbra, extremely resistant to hostile enchantments,
extremely unstealthy
A: retaliatory headbutt, horns 2, iridescent scales 1, agile 1, breathe flames
1, sense surroundings 1, weak 1, gelatinous body 1, pseudopods 3, evolution 1,
jelly absorbing missiles
a: Request Jelly, Jelly Paralyse, Slimify, Cure Bad Mutation, Renounce Religion,
Breathe Fire, Evoke Invisibility, Evoke Flight


You were in the Dungeon.
You worshipped Jiyva.
Jiyva was exalted by your worship.
You were completely stuffed.

You visited 1 branch

Inventory:

Hand weapons
 b - the cursed +14 obsidian axe (weapon) {chop, +Fly Str+3 SInv Curse}
   (You found it in the Dungeon)

   It inflicts extra damage upon your enemies.
   It affects your strength (+3).
   It enhances your eyesight.
   It lets you fly.
   It may recurse itself when equipped.
   It has a curse placed upon it.
 c - a +9 broad axe of venom
Missiles
 u - 60 poisoned javelins
 P - 4 javelins of penetration (quivered)
 X - 30 javelins of returning
Armour
 a - the cursed +3 pair of gloves of the Eternal Void (worn) {rElec rF+}
   (You found it in the Dungeon)

   It protects you from fire.
   It insulates you from electricity.
   It has a curse placed upon it.
 p - a cursed +2 pair of boots of stealth (worn)
 C - a cursed +2 cloak of poison resistance (worn)
 I - the cursed +15 Maxwell's patent armour (worn) {rC+ rF+, -Cast -Tele MR+}
   (You found it in the Dungeon)

   It affects your resistance to hostile enchantments.
   It prevents spellcasting.
   It prevents most forms of teleportation.
   It has a curse placed upon it.
 J - the cursed +18 shield of the gong (worn) {rElec rN+ MR+ EV-5}
   (You found it in the Dungeon)

   It affects your evasion (-5).
   It insulates you from electricity.
   It protects you from negative energy.
   It affects your resistance to hostile enchantments.
   It has a curse placed upon it.
Magical devices
 l - a wand of disintegration (7)
 m - a wand of fire (8)
 n - a wand of cold (3)
Comestibles
 d - 5 bread rations
 r - 36 fruits
 s - 4 meat rations
Scrolls
 k - 4 scrolls of blinking
 t - 2 scrolls of enchant armour
 w - 2 scrolls of recharging
 x - 7 scrolls of fog
 y - a scroll of holy word
 z - 5 scrolls of identify
 A - 5 scrolls of remove curse
 B - 2 scrolls of fear
Jewellery
 q - a +6 ring of dexterity
 K - the cursed ring of Shadows (right hand) {Umbra +Inv rN+ SInv}
   (You found it in the Dungeon)

   [ring of invisibility]

   It protects you from negative energy.
   It enhances your eyesight.
   It lets you turn invisible.
   It has a curse placed upon it.
 M - the cursed ring of Etinkeh {rN+ Slay+3 SInv Stlth--}
   (You took it off a naga warrior in the Dungeon)

   [ring of see invisible]

   It affects your accuracy and damage with ranged weapons and melee attacks
   (+3).
   It protects you from negative energy.
   It enhances your eyesight.
   It makes you much less stealthy.
   It has a curse placed upon it.
 N - the cursed ring "Mareek" {rN+ MR++ SInv}
   (You found it in the Dungeon)

   [ring of positive energy]

   It protects you from negative energy.
   It affects your resistance to hostile enchantments.
   It enhances your eyesight.
   It has a curse placed upon it.
 O - the cursed ring of Riz Naot {+Fly rC+ Dex+3}
   (You found it in the Dungeon)

   [ring of protection from cold]

   It affects your dexterity (+3).
   It protects you from cold.
   It lets you fly.
   It has a curse placed upon it.
 R - the cursed brooch of Shielding (around neck) {Ward rN+ AC+4 EV+4}
   (You found it in the Dungeon)

   [amulet of warding]

   It may prevent the melee attacks of summoned creatures.
   It affects your AC (+4).
   It affects your evasion (+4).
   It protects you from negative energy.
   It has a curse placed upon it.
 S - the amulet "Kudawkod" {rMut rElec SInv}
   (You found it in the Dungeon)

   [amulet of resist mutation]

   It protects you from mutation.
   It insulates you from electricity.
   It enhances your eyesight.
 T - the cursed ring of Vitality (left hand) {HP+15 Regen}
   (You found it in the Dungeon)

   [ring of regeneration]

   It affects your health (+15).
   It increases your rate of regeneration.
   It has a curse placed upon it.
Potions
 e - 2 potions of might
 f - 9 potions of curing
 h - 5 potions of haste
 i - 7 potions of magic
 j - 2 potions of berserk rage
 D - 2 potions of invisibility
 E - 2 potions of restore abilities
 F - 4 potions of resistance
 H - 2 potions of agility
Miscellaneous
 o - a disc of storms
 v - a stone of tremors
 G - a lamp of fire
 L - a fan of gales
 Q - a sack of spiders
 U - a sack of spiders
 V - a phial of floods
 W - a fan of gales
 Y - a lamp of fire
Rods
 Z - a cursed +5 rod of destruction (9/9)
   (You found it in the Dungeon)


   Skills:
 - Level 25.7 Fighting
 - Level 25.0 Axes
 - Level 17.2 Throwing
 - Level 23.0 Armour
 - Level 12.2 Dodging
 + Level 25.2 Shields
 - Level 3.4 Spellcasting
 - Level 14.9 Evocations


You had 21 spell levels left.
You didn't know any spells.

Dungeon Overview and Level Annotations

Branches:
Dungeon (1/1)

Altars:
Ashenzari
Cheibriados
Dithmenos
Elyvilon
Fedhas
Gozag
Kikubaaqudgha
Makhleb
Nemelex Xobeh
Okawaru
Qazlal
Sif Muna
Trog
Vehumet
Xom
Yredelemnul
Zin
The Shining One
Beogh
Jiyva
Lugonu


Innate Abilities, Weirdness & Mutations

You reflexively headbutt those who attack you in melee.
You have a pair of horns on your head.
You are partially covered in iridescent scales (AC +4).
You are agile. (Dex +2)
You can breathe flames.
You passively map a small area around you.
You are weak. (Str -2)
Your rubbery body absorbs attacks (AC +1).
Armour fits poorly on your massive pseudopods.
You evolve.
You have a small jelly attached to you that may absorb incoming projectiles.


Message History

You block the vampire's attack.
GONNNNG!
The vampire tries to attack you, but flinches away.
The greater mummy is engulfed in roaring flames.
The greater mummy gestures wildly while chanting.
The guardian mummy is engulfed in roaring flames.
The guardian mummy hits the death ooze!
The death ooze is destroyed!
The orange demon stings you but does no damage.
A mummy comes into view.
Unknown command.
Unknown command.
Unknown command.
You hit the guardian mummy. You open a gate to Pandemonium!
A demon appears!
The guardian mummy is almost destroyed.
You slice the greater mummy!! You open a gate to Pandemonium!
A demon appears!
You destroy the greater mummy!
You feel extremely nervous for a moment...
You convulse helplessly as pain tears through your body!
You die...

.....▓ §.MM .....▓
,..(§MM..(. ,
.....▓ ,
...§M|.M.... ,
▓....▓
..zZWEW§MM....
▓▓...▓
|..zMMz|W.=M§...
▓....▓
....M§z§M..§§... ,
.....▓
.....MM§W§......
.....▓
......M2M§M3......
, .....▓
.......M4@V4§§....
, ▓▓▓▓▓▓
▓▓▓▓▓▓▓▓▓▓▓▓▓▓▓▓▓▓
*


You could see 2 greater mummies, a reaper, a mummy priest, a shadow wraith
(invisible), an orange demon, 6 guardian mummies, a freezing wraith, a hungry
ghost, a fire elemental, a vampire (invisible), a wraith, 2 flying skulls, 10
mummies, 2 wights, a worm simulacrum, a friendly sun demon and a friendly
hellwing (wandering).

Vanquished Creatures
  2 ancient liches (D)
  A quicksilver dragon (D)
  2 liches (D)
  A sphinx (shapeshifter) (D)
  A quicksilver dragon (shapeshifter) (D)
  6 greater nagas (D)
  A ghost moth (shapeshifter) (D)
  A balrug (D)
  A vault warden (D)
  A frost giant (shapeshifter) (D)
  A green draconian (D)
  A vampire knight (D)
  A red draconian (D)
  A green draconian (shapeshifter) (D)
  A grey draconian (shapeshifter) (D)
  A dire elephant (D)
  A pale draconian (D)
  A black draconian (D)
  A minotaur (shapeshifter) (D)
  8 merfolk javelineers (D)
  2 crystal guardians (D)
  4 mummy priests (D)
  A jiangshi (D)
  8 merfolk impalers (D)
  An ironheart preserver (D)
  2 hydras (D)
  6 naga warriors (D)
  4 anacondas (D)
  An alligator snapping turtle (D)
  11 merfolk aquamancers (D)
  2 death yaks (D)
  4 vampire magi (D)
  A catoblepas (shapeshifter) (D)
  2 soul eaters (D)
  2 catoblepae (D)
  5 iron golems (D)
  A shock serpent (shapeshifter) (D)
  A death drake (shapeshifter) (D)
  A deep elf knight (D)
  3 skeletal warriors (D)
  An unseen horror (shapeshifter) (D)
  A sea snake (D)
  A water nymph (shapeshifter) (D)
  2 water nymphs (D)
  A harpy (D)
  3 necromancers (D)
  A mana viper (shapeshifter) (D)
  4 manticores (D)
  A red wasp (shapeshifter) (D)
  A cyclops (D)
  4 griffons (D)
  3 mermaids (shapeshifter) (D)
  5 draconians (D)
  2 air elementals (D)
  6 guardian serpents (D)
  2 mermaids (D)
  9 black mambas (D)
  An orange demon (D)
  A smoke demon (D)
  A torpor snail (shapeshifter) (D)
  2 gargoyles (D)
  5 naga magi (D)
  An orc sorcerer (D)
  A komodo dragon (shapeshifter) (D)
  A komodo dragon (D)
  A fire drake (D)
  A queen ant (shapeshifter) (D)
  A yaktaur (shapeshifter) (D)
  8 guardian mummies (D)
  A blue devil (D)
  A freezing wraith (D)
  A red devil (D)
  A troll (D)
  A troll (shapeshifter) (D)
  3 merfolk (D)
  A boulder beetle (D)
  A boulder beetle (shapeshifter) (D)
  4 yaks (D)
  A slime creature (shapeshifter) (D)
  A ynoxinul (D)
  2 hogs (shapeshifter) (D)
  6 flying skulls (D)
  A tarantella (shapeshifter) (D)
  2 water elementals (D)
  2 spriggans (shapeshifter) (D)
  A yak (shapeshifter) (D)
  4 vampires (D)
  3 sharks (D)
  A redback (shapeshifter) (D)
  2 basilisks (D)
  A hippogriff (shapeshifter) (D)
  6 shadows (D)
  A wyvern (D)
  A hungry ghost (D)
  A wraith (D)
  A human (shapeshifter) (D)
  6 nagas (D)
  A neqoxec (D)
  A wolf (D)
  A hippogriff (D)
  2 human zombies (D)
  15 water moccasins (D)
  2 porcupines (D)
  A black bear (shapeshifter) (D)
  4 necrophages (D)
  2 ogres (shapeshifter) (D)
  2 orc warriors (D)
  A centaur (D)
  A brain worm (shapeshifter) (D)
  A giant frog (D)
  An earth elemental (D)
  A scorpion (D)
  5 wights (D)
  2 quasits (D)
  2 crimson imps (D)
  6 iron imps (D)
  3 sheep (D)
  2 necrophage skeletons (D)
  9 mummies (D)
  2 spectral worms (D)
  8 adders (D)
  3 green rats (D)
  A green rat (shapeshifter) (D)
  A giant mite (D)
  2 shadow imps (D)
  A white imp (D)
  3 ufetubi (D)
  A spectral adder (D)
  2 adder zombies (D)
  An adder skeleton (D)
  An ooze (shapeshifter) (D)
  An orc (D)
  7 ball pythons (D)
  2 jackals (D)
  A giant gecko zombie (D)
  A giant newt skeleton (D)
  A goblin simulacrum (D)
  A goblin skeleton (D)
  A goblin zombie (D)
  A hobgoblin skeleton (D)
  2 hobgoblin zombies (D)
  A kobold zombie (D)
  A lurking horror (D)
  2 quokka zombies (D)
  3 fungi (D)
340 creatures vanquished.

Vanquished Creatures (collateral kills)
  A pandemonium lord (D)
  A kraken (D)
  A greater naga (D)
  An azure jelly (shapeshifter) (D)
  A vault warden (D)
  2 merfolk javelineers (D)
  A mummy priest (D)
  2 merfolk impalers (D)
  2 hydras (D)
  A naga warrior (D)
  An ogre mage (D)
  An anaconda (D)
  A deep troll (shapeshifter) (D)
  A sea snake (D)
  A lindwurm (shapeshifter) (D)
  A hill giant (shapeshifter) (D)
  A cyclops (shapeshifter) (D)
  A necromancer (D)
  A mermaid (shapeshifter) (D)
  2 manticores (D)
  2 mermaids (D)
  A spiny frog (D)
  A guardian serpent (D)
  2 naga magi (D)
  A spiny frog (shapeshifter) (D)
  3 komodo dragons (D)
  A guardian mummy (D)
  A komodo dragon (shapeshifter) (D)
  A merfolk (D)
  A jumping spider (shapeshifter) (D)
  A baby alligator (shapeshifter) (D)
  A snapping turtle (D)
  2 redbacks (shapeshifter) (D)
  A basilisk (shapeshifter) (D)
  A shadow (D)
  A yak (shapeshifter) (D)
  2 sharks (D)
  A water moccasin (shapeshifter) (D)
  2 nagas (D)
  A warg (D)
  2 water moccasins (D)
  A sky beast (shapeshifter) (D)
  A crocodile (D)
  An earth elemental (D)
  A wight (D)
  An iguana (shapeshifter) (D)
  A mummy (D)
  An adder (D)
  An adder zombie (D)
  2 orcs (D)
  A goblin (D)
  A hobgoblin (D)
  A spectral kobold (D)
  3 tentacles (D)
69 creatures vanquished.

Vanquished Creatures (others)
  A grey draconian (shapeshifter) (D)
  3 merfolk javelineers (D)
  A merfolk impaler (D)
  5 death oozes (D)
  2 merfolk aquamancers (D)
  A soul eater (D)
  A flayed ghost (D)
  A water nymph (shapeshifter) (D)
  2 sixfirhies (D)
  A shining eye (D)
  2 orange demons (D)
  11 air elementals (D)
  An iron devil (D)
  A spiny frog (D)
  4 hellwings (D)
  A freezing wraith (D)
  6 water elementals (D)
  A red devil (D)
  13 fire elementals (D)
  A jumping spider (D)
  A blue devil (D)
  4 slime creatures (D)
  4 redbacks (D)
  6 trapdoor spiders (D)
  A shadow (D)
  3 neqoxecs (D)
  2 chaos spawn (D)
  A ynoxinul (D)
  A wight (D)
  15 jellies (D)
  A sheep (D)
  A mummy (D)
  An adder (D)
  2 ufetubi (D)
  A giant eyeball (D)
  A ball python (D)
  A rat zombie (D)
  5 tentacles (D)
  65 tentacle segments (D)
175 creatures vanquished.

Grand Total: 584 creatures vanquished

Notes
Turn   | Place    | Note
--------------------------------------------------------------
     0 | D        | BluebellGnoll, the Minotaur Fighter, began the quest for the Orb.
     0 | D        | Reached XP level 1. HP: 19/19 MP: 1/1
     0 | D        | Found a roughly hewn altar of Beogh.
     0 | D        | Found a corrupted altar of Lugonu.
     1 | D        | Found a white marble altar of Elyvilon.
     2 | D        | Found a sparkling altar of Nemelex Xobeh.
     2 | D        | Found a burning altar of Makhleb.
     2 | D        | Found a deep blue altar of Sif Muna.
     3 | D        | Found a bloodstained altar of Trog.
     6 | D        | Found an iron altar of Okawaru.
    16 | D        | Found an ancient bone altar of Kikubaaqudgha.
    16 | D        | Found a radiant altar of Vehumet.
    17 | D        | Found a basalt altar of Yredelemnul.
    71 | D        | Found a shimmering altar of Xom.
   105 | D        | Became a worshipper of Jiyva Johalas the Shapeless
   112 | D        | Acquired Jiyva's first power
   112 | D        | Acquired Jiyva's second power
   115 | D        | Gained mutation: Your muscles are strong. (Str +2) [Jiyva's grace]
   115 | D        | Gained mutation: You have sharp toenails. [Jiyva's grace]
   115 | D        | Acquired Jiyva's third power
   118 | D        | Lost mutation: Your muscles are strong. (Str +2) [Jiyva's grace]
   118 | D        | Acquired Jiyva's fourth power
   118 | D        | Lost mutation: You have sharp toenails. [Jiyva's grace]
   118 | D        | Gained mutation: Your muscles are strong. (Str +2) [Jiyva's grace]
   118 | D        | Gained mutation: Your body is partially covered in golden eyeballs (Acc +3). [Jiyva's grace]
   121 | D        | Lost mutation: Your muscles are strong. (Str +2) [Jiyva's grace]
   127 | D        | Gained mutation: You passively map a small area around you. [Jiyva's grace]
   128 | D        | Lost mutation: You passively map a small area around you. [Jiyva's grace]
   128 | D        | Gained mutation: Your rubbery body absorbs attacks (AC +1). [Jiyva's grace]
   128 | D        | Gained mutation: Armour fits poorly on your strangely shaped body. [Jiyva's grace]
   128 | D        | Gained mutation: You can breathe flames. [Jiyva's grace]
   128 | D        | Gained mutation: You have sharp toenails. [Jiyva's grace]
   130 | D        | Gained mutation: Your system is resistant to poisons. [Jiyva's grace]
   130 | D        | Lost mutation: Your system is resistant to poisons. [Jiyva's grace]
   131 | D        | Gained mutation: You have acidic saliva. [Jiyva's grace]
   131 | D        | Lost mutation: You have acidic saliva. [Jiyva's grace]
   131 | D        | Lost mutation: Armour fits poorly on your strangely shaped body. [Jiyva's grace]
   131 | D        | Gained mutation: Your spells are a little harder to cast, but a little more powerful. [Jiyva's grace]
   131 | D        | Lost mutation: You have sharp toenails. [Jiyva's grace]
   131 | D        | Lost mutation: Your spells are a little harder to cast, but a little more powerful. [Jiyva's grace]
   131 | D        | Gained mutation: You have a fast metabolism. [Jiyva's grace]
   132 | D        | Reached skill level 9 in Armour
   132 | D        | Reached XP level 2. HP: 26/26 MP: 1/1
   133 | D        | Entered arena 1.
   133 | D        | Noticed a scorpion
   133 | D        | Gained mutation: You have a small jelly attached to you that may absorb incoming projectiles. [Jiyva's grace]
   134 | D        | Gained mutation: Your pliable body absorbs attacks (AC +1, EV +1). [Jiyva's grace]
   134 | D        | Gained mutation: Your gelatinous body deflects attacks (AC +2, EV +2). [Jiyva's grace]
   136 | D        | Killed a scorpion
   136 | D        | Reached skill level 5 in Axes
   136 | D        | Reached XP level 3. HP: 32/37 MP: 2/2
   136 | D        | Lost mutation: Your gelatinous body deflects attacks (AC +2, EV +2). [Jiyva's grace]
   136 | D        | Gained mutation: You are resistant to hostile enchantments. [Jiyva's grace]
   136 | D        | Lost mutation: You have a fast metabolism. [Jiyva's grace]
   137 | D        | Gained mutation: Thin tendrils of slime have grown from your body. [Jiyva's grace]
   138 | D        | Gained mutation: You are partially covered in rugged brown scales (AC +1, +3% HP). [Jiyva's grace]
   140 | D        | Lost mutation: Thin tendrils of slime have grown from your body. [Jiyva's grace]
   140 | D        | Gained mutation: Your mind is acute. (Int +2) [Jiyva's grace]
   141 | D        | Gained mutation: Your natural rate of healing is unusually fast. [Jiyva's grace]
   141 | D        | Lost mutation: You can breathe flames. [Jiyva's grace]
   141 | D        | Gained mutation: Thin tendrils of slime have grown from your body. [Jiyva's grace]
   141 | D        | Gained mutation: You heal very quickly. [Jiyva's grace]
   141 | D        | Lost mutation: Your mind is acute. (Int +2) [Jiyva's grace]
   143 | D        | Lost mutation: Your pliable body absorbs attacks (AC +1, EV +1). [Jiyva's grace]
   143 | D        | Lost mutation: Thin tendrils of slime have grown from your body. [Jiyva's grace]
   147 | D        | Entered arena 2.
   147 | D        | Noticed an iron imp
   147 | D        | Noticed an iron imp
   150 | D        | Killed an iron imp
   150 | D        | Reached skill level 5 in Shields
   150 | D        | Reached XP level 4. HP: 45/45 MP: 2/2
   150 | D        | Killed an iron imp
   151 | D        | Gained mutation: Potions and wands are less effective at restoring your health. [Jiyva's grace]
   154 | D        | Got the +1 pair of gloves of the Empire {rF+ rN+}
   156 | D        | Gained mutation: Your flesh is cold resistant. [Jiyva's grace]
   159 | D        | Entered arena 3.
   159 | D        | Noticed a deep elf knight
   164 | D        | Gained mutation: Your flesh is heat resistant. [Jiyva's grace]
   167 | D        | Gained mutation: Your body is mostly covered in golden eyeballs (Acc +5). [Jiyva's grace]
   170 | D        | Gained mutation: You are dopey. (Int -2) [Jiyva's grace]
   173 | D        | Killed a deep elf knight
   173 | D        | Reached skill level 11 in Axes
   173 | D        | Reached XP level 5. HP: 51/51 MP: 2/2
   173 | D        | Reached XP level 6. HP: 58/58 MP: 3/3
   173 | D        | Reached XP level 7. HP: 64/64 MP: 3/3
   175 | D        | Lost mutation: Your body is mostly covered in golden eyeballs (Acc +5). [Jiyva's grace]
   180 | D        | Gained mutation: You have a pair of large horns on your head. [Jiyva's grace]
   186 | D        | Entered arena 4.
   186 | D        | Noticed an iron imp
   190 | D        | Killed an iron imp
   190 | D        | Gained mutation: Armour fits poorly on your pseudopods. [Jiyva's grace]
   193 | D        | Lost mutation: Armour fits poorly on your pseudopods. [Jiyva's grace]
   198 | D        | Entered arena 5.
   198 | D        | Noticed an ironheart preserver
   198 | D        | Noticed a wraith
   198 | D        | Noticed a vault warden
   198 | D        | Noticed an ogre mage
   198 | D        | Noticed a vault warden
   199 | D        | Gained mutation: Thin tendrils of slime have grown from your body. [Jiyva's grace]
   201 | D        | Lost mutation: You are dopey. (Int -2) [Jiyva's grace]
   202 | D        | Lost mutation: You are resistant to hostile enchantments. [Jiyva's grace]
   204 | D        | Gained mutation: You have acidic saliva. [Jiyva's grace]
   206 | D        | Killed an ironheart preserver
   206 | D        | Reached skill level 10 in Fighting
   206 | D        | Reached skill level 5 in Evocations
   206 | D        | Reached XP level 8. HP: 70/81 MP: 3/11
   208 | D        | Killed a vault warden
   208 | D        | Reached skill level 14 in Axes
   208 | D        | Reached XP level 9. HP: 63/87 MP: 12/17
   211 | D        | Killed a wraith
   212 | D        | Lost mutation: Your flesh is cold resistant. [Jiyva's grace]
   212 | D        | Killed a vault warden
   212 | D        | Reached skill level 15 in Axes
   212 | D        | Reached XP level 10. HP: 88/95 MP: 18/20
   218 | D        | Killed an ogre mage
   218 | D        | Reached skill level 16 in Axes
   223 | D        | Gained mutation: You have large cloven feet. [Jiyva's grace]
   232 | D        | Entered arena 6.
   232 | D        | Noticed a porcupine
   232 | D        | Noticed a porcupine
   232 | D        | Noticed a yak
   232 | D        | Noticed a giant frog
   232 | D        | Lost mutation: Your flesh is heat resistant. [Jiyva's grace]
   236 | D        | Killed a giant frog
   237 | D        | Killed a porcupine
   237 | D        | Gained mutation: You have supernaturally acute eyesight. [Jiyva's grace]
   238 | D        | Killed a porcupine
   240 | D        | Killed a yak
   242 | D        | Lost mutation: You have large cloven feet. [Jiyva's grace]
   246 | D        | Lost mutation: You have a pair of large horns on your head. [Jiyva's grace]
   249 | D        | Entered arena 7.
   249 | D        | Noticed a basilisk
   249 | D        | Noticed a wolf
   249 | D        | Noticed a basilisk
   249 | D        | Noticed a yak
   253 | D        | Killed a wolf
   257 | D        | Killed a yak
   257 | D        | Reached skill level 10 in Armour
   259 | D        | Killed a basilisk
   259 | D        | Killed a basilisk
   260 | D        | Lost mutation: Potions and wands are less effective at restoring your health. [Jiyva's grace]
   265 | D        | Gained mutation: Your mind is acute. (Int +2) [Jiyva's grace]
   269 | D        | Lost mutation: Thin tendrils of slime have grown from your body. [Jiyva's grace]
   270 | D        | Got the ring "Ipozavve" {Dex+2 Int+2 Stlth-}
   273 | D        | Lost mutation: Your mind is acute. (Int +2) [Jiyva's grace]
   275 | D        | Entered arena 8.
   275 | D        | Noticed a neqoxec
   275 | D        | Noticed an orange demon
   275 | D        | Noticed a crimson imp
   275 | D        | Noticed an iron imp
   275 | D        | Noticed a quasit
   276 | D        | Killed a crimson imp
   277 | D        | Gained mutation: Thin tendrils of slime have grown from your body. [Jiyva's grace]
   281 | D        | Killed a neqoxec
   281 | D        | Killed a quasit
   282 | D        | Killed an iron imp
   282 | D        | Lost mutation: You are partially covered in rugged brown scales (AC +1, +3% HP). [Jiyva's grace]
   285 | D        | Killed an orange demon
   286 | D        | Gained mutation: You are partially covered in slimy green scales (AC +2). [Jiyva's grace]
   289 | D        | Got the ring of Sin {rC+ Str-4 Int+5}
   293 | D        | Lost mutation: You heal very quickly. [Jiyva's grace]
   297 | D        | Gained mutation: Your system is resistant to poisons. [Jiyva's grace]
   301 | D        | Lost mutation: You have supernaturally acute eyesight. [Jiyva's grace]
   309 | D        | Gained mutation: You are partially covered in large bone plates (AC +2, SH +2). [Jiyva's grace]
   315 | D        | Entered arena 9.
   315 | D        | Noticed an iron imp
   315 | D        | Noticed Enyitz the pandemonium lord
   315 | D        | Noticed a quasit
   315 | D        | Noticed an iron imp
   315 | D        | Noticed a soul eater
   315 | D        | Noticed a crimson imp
   315 | D        | Noticed a blue devil
   315 | D        | Lost mutation: Your system is resistant to poisons. [Jiyva's grace]
   318 | D        | Killed a crimson imp
   320 | D        | Lost mutation: You have acidic saliva. [Jiyva's grace]
   328 | D        | Killed a blue devil
   330 | D        | Killed an iron imp
   331 | D        | Lost mutation: You are partially covered in large bone plates (AC +2, SH +2). [Jiyva's grace]
   332 | D        | Killed an iron imp
   333 | D        | Killed a soul eater
   334 | D        | Killed a quasit
   339 | D        | Killed Enyitz the pandemonium lord
   339 | D        | Reached XP level 11. HP: 61/105 MP: 22/22
   342 | D        | Gained mutation: You passively map a small area around you. [Jiyva's grace]
   350 | D        | Gained mutation: You have sharp toenails. [Jiyva's grace]
   351 | D        | Lost mutation: Your body is partially covered in golden eyeballs (Acc +3). [Jiyva's grace]
   355 | D        | Gained mutation: You have acidic saliva. [Jiyva's grace]
   356 | D        | Entered arena 10.
   356 | D        | Noticed a draconian
   356 | D        | Noticed a draconian
   356 | D        | Noticed a green draconian
   356 | D        | Noticed a pale draconian
   356 | D        | Noticed a draconian
   356 | D        | Noticed a draconian
   356 | D        | Noticed a red draconian
   356 | D        | Noticed a black draconian
   356 | D        | Noticed a draconian
   358 | D        | Gained mutation: Armour fits poorly on your pseudopods. [Jiyva's grace]
   360 | D        | Lost mutation: Your rubbery body absorbs attacks (AC +1). [Jiyva's grace]
   362 | D        | Killed a draconian
   362 | D        | Identified the +3 mace of the Scavenger {crush, +Blink Str-2}
   363 | D        | Killed a draconian
   363 | D        | Lost mutation: You passively map a small area around you. [Jiyva's grace]
   365 | D        | Killed a green draconian
   365 | D        | Reached skill level 17 in Shields
   366 | D        | Gained mutation: You have a fast metabolism. [Jiyva's grace]
   367 | D        | Killed a draconian
   368 | D        | Killed a black draconian
   368 | D        | Killed a draconian
   368 | D        | Gained mutation: Armour fits poorly on your large pseudopods. [Jiyva's grace]
   370 | D        | Killed a red draconian
   370 | D        | Reached skill level 15 in Fighting
   370 | D        | Reached skill level 18 in Shields
   370 | D        | Lost mutation: You have sharp toenails. [Jiyva's grace]
   373 | D        | Lost mutation: Armour fits poorly on your large pseudopods. [Jiyva's grace]
   374 | D        | Killed a draconian
   374 | D        | Killed a pale draconian
   377 | D        | Gained mutation: You evolve. [Jiyva's grace]
   390 | D        | Lost mutation: You have acidic saliva. [Jiyva's grace]
   390 | D        | Gained mutation: Your skin is partially translucent. [Jiyva's grace]
   399 | D        | Gained mutation: Your rubbery body absorbs attacks (AC +1). [Jiyva's grace]
   399 | D        | Gained mutation: You have a somewhat thin skeletal structure (Dex +2, Stealth). [Jiyva's grace]
   404 | D        | Entered arena 11.
   404 | D        | Noticed a troll
   404 | D        | Noticed an orc warrior
   404 | D        | Noticed a warg
   404 | D        | Noticed an orc sorcerer
   406 | D        | Noticed an orc warrior
   406 | D        | Killed an orc sorcerer
   406 | D        | Lost mutation: Your natural rate of healing is unusually fast. [Jiyva's grace]
   407 | D        | Lost mutation: Armour fits poorly on your pseudopods. [Jiyva's grace]
   407 | D        | Lost mutation: Thin tendrils of slime have grown from your body. [Jiyva's grace]
   409 | D        | Gained mutation: You can breathe flames. [Jiyva's grace]
   409 | D        | Gained mutation: You are partially covered in molten scales (AC +1). [Jiyva's grace]
   410 | D        | Killed a troll
   410 | D        | Reached skill level 1 in Dodging
   410 | D        | Killed a warg
   410 | D        | Gained mutation: Your skin is mostly translucent (Stealth). [Jiyva's grace]
   411 | D        | Lost mutation: You can breathe flames. [Jiyva's grace]
   412 | D        | Gained mutation: You passively map a small area around you. [Jiyva's grace]
   413 | D        | Killed an orc warrior
   413 | D        | Reached XP level 12. HP: 122/122 MP: 23/23
   414 | D        | Killed an orc warrior
   415 | D        | Gained mutation: Thin tendrils of slime have grown from your body. [Jiyva's grace]
   417 | D        | Lost mutation: You passively map a small area around you. [Jiyva's grace]
   418 | D        | Gained mutation: Your mind is acute. (Int +2) [Jiyva's grace]
   425 | D        | Entered arena 12.
   425 | D        | Noticed a guardian serpent
   425 | D        | Noticed a water moccasin
   425 | D        | Noticed a black mamba
   425 | D        | Noticed a guardian serpent
   425 | D        | Noticed a naga warrior
   425 | D        | Noticed a naga warrior
   425 | D        | Noticed a black mamba
   426 | D        | Noticed a guardian serpent
   426 | D        | Lost mutation: You have a fast metabolism. [Jiyva's grace]
   426 | D        | Lost mutation: You have a small jelly attached to you that may absorb incoming projectiles. [Jiyva's grace]
   427 | D        | Noticed an anaconda
   428 | D        | Killed a black mamba
   428 | D        | Gained mutation: Your spells are a little easier to cast, but a little less powerful. [Jiyva's grace]
   429 | D        | Gained mutation: You have a small jelly attached to you that may absorb incoming projectiles. [Jiyva's grace]
   431 | D        | Killed a guardian serpent
   433 | D        | Killed a black mamba
   435 | D        | Lost mutation: Your mind is acute. (Int +2) [Jiyva's grace]
   436 | D        | Killed a guardian serpent
   438 | D        | Gained mutation: Armour fits poorly on your pseudopods. [Jiyva's grace]
   441 | D        | Lost mutation: You have a small jelly attached to you that may absorb incoming projectiles. [Jiyva's grace]
   441 | D        | Gained mutation: Armour fits poorly on your large pseudopods. [Jiyva's grace]
   442 | D        | Gained mutation: You have a small jelly attached to you that may absorb incoming projectiles. [Jiyva's grace]
   444 | D        | Killed a guardian serpent
   444 | D        | Reached skill level 5 in Dodging
   444 | D        | Gained mutation: You are robust (+10% HP). [Jiyva's grace]
   444 | D        | Gained mutation: Your muscles are strong. (Str +2) [Jiyva's grace]
   444 | D        | Lost mutation: You have a somewhat thin skeletal structure (Dex +2, Stealth). [Jiyva's grace]
   445 | D        | Lost mutation: Your spells are a little easier to cast, but a little less powerful. [Jiyva's grace]
   446 | D        | Killed a water moccasin
   446 | D        | Gained mutation: Your body is partially covered in golden eyeballs (Acc +3). [Jiyva's grace]
   446 | D        | Gained mutation: You can translocate small distances at will. [Jiyva's grace]
   448 | D        | Killed an anaconda
   449 | D        | Killed a naga warrior
   449 | D        | Lost mutation: Your skin is mostly translucent (Stealth). [Jiyva's grace]
   450 | D        | Killed a naga warrior
   454 | D        | Gained mutation: You are partially covered in thin metallic scales (AC +2). [Jiyva's grace]
   466 | D        | Entered arena 13.
   466 | D        | Noticed a gargoyle
   466 | D        | Noticed an iron golem
   466 | D        | Noticed a gargoyle
   466 | D        | Gained mutation: You have supernaturally acute eyesight. [Jiyva's grace]
   468 | D        | Noticed an iron golem
   468 | D        | Noticed an iron golem
   468 | D        | Noticed a crystal guardian
   468 | D        | Noticed a quicksilver dragon
   468 | D        | Noticed an earth elemental
   468 | D        | Lost mutation: Your muscles are strong. (Str +2) [Jiyva's grace]
   469 | D        | Noticed an iron golem
   469 | D        | Noticed an iron golem
   469 | D        | Noticed a crystal guardian
   470 | D        | Lost mutation: You evolve. [Jiyva's grace]
   471 | D        | Killed a gargoyle
   472 | D        | Noticed an earth elemental
   472 | D        | Killed a gargoyle
   472 | D        | Reached skill level 19 in Axes
   473 | D        | Gained mutation: Armour fits poorly on your massive pseudopods. [Jiyva's grace]
   476 | D        | Lost mutation: Thin tendrils of slime have grown from your body. [Jiyva's grace]
   479 | D        | Lost mutation: Your skin is partially translucent. [Jiyva's grace]
   479 | D        | Gained mutation: Your skin changes colour to match your surroundings (Stealth). [Jiyva's grace]
   480 | D        | Killed a quicksilver dragon
   480 | D        | Killed an iron golem
   480 | D        | Reached skill level 20 in Axes
   480 | D        | Killed a crystal guardian
   480 | D        | Lost mutation: You are robust (+10% HP). [Jiyva's grace]
   485 | D        | Killed a crystal guardian
   486 | D        | Lost mutation: You can translocate small distances at will. [Jiyva's grace]
   488 | D        | Killed an iron golem
   488 | D        | Reached skill level 10 in Dodging
   489 | D        | Lost mutation: Armour fits poorly on your massive pseudopods. [Jiyva's grace]
   492 | D        | Lost mutation: Your skin changes colour to match your surroundings (Stealth). [Jiyva's grace]
   492 | D        | Gained mutation: Your skin is partially translucent. [Jiyva's grace]
   495 | D        | Killed an iron golem
   495 | D        | Reached skill level 21 in Axes
   495 | D        | Killed an earth elemental
   499 | D        | Killed an iron golem
   506 | D        | Killed an iron golem
   508 | D        | Killed an earth elemental
   512 | D        | Lost mutation: You have supernaturally acute eyesight. [Jiyva's grace]
   517 | D        | Got the ring "Mareek" {rN+ MR++ SInv}
   520 | D        | Got the ring of Riz Naot {+Fly rC+ Dex+3}
   523 | D        | Lost mutation: You are partially covered in slimy green scales (AC +2). [Jiyva's grace]
   526 | D        | Got the ring of the Failed Coup {Fire Slay+3}
   531 | D        | Entered arena 14.
   531 | D        | Noticed a guardian serpent
   531 | D        | Noticed a greater naga
   532 | D        | Noticed a black mamba
   532 | D        | Noticed an anaconda
   533 | D        | Noticed a greater naga
   533 | D        | Noticed a naga warrior
   533 | D        | Noticed a naga warrior
   534 | D        | Noticed an anaconda
   534 | D        | Noticed a naga
   535 | D        | Noticed a naga mage
   538 | D        | Killed an anaconda
   538 | D        | Gained mutation: You have a slow metabolism. [Jiyva's grace]
   542 | D        | Killed a greater naga
   542 | D        | Reached XP level 13. HP: 129/129 MP: 24/24
   542 | D        | Killed an anaconda
   543 | D        | Killed a black mamba
   546 | D        | Killed a greater naga
   546 | D        | Reached skill level 22 in Axes
   548 | D        | Killed a naga warrior
   551 | D        | Killed a guardian serpent
   554 | D        | Killed a naga warrior
   555 | D        | Gained mutation: Armour fits poorly on your massive pseudopods. [Jiyva's grace]
   556 | D        | Killed a naga mage
   558 | D        | Killed a naga
   562 | D        | Lost mutation: You have a slow metabolism. [Jiyva's grace]
   565 | D        | Lost mutation: You have a small jelly attached to you that may absorb incoming projectiles. [Jiyva's grace]
   578 | D        | Lost mutation: You are partially covered in molten scales (AC +1). [Jiyva's grace]
   589 | D        | Entered arena 15.
   589 | D        | Noticed a merfolk javelineer
   589 | D        | Noticed a merfolk impaler
   589 | D        | Noticed a merfolk impaler
   589 | D        | Noticed a merfolk aquamancer
   589 | D        | Noticed a merfolk impaler
   589 | D        | Noticed a manticore
   589 | D        | Noticed a mermaid
   589 | D        | Noticed a merfolk aquamancer
   589 | D        | Noticed a water nymph
   590 | D        | Noticed a griffon
   590 | D        | Noticed a cyclops
   590 | D        | Noticed a merfolk aquamancer
   590 | D        | Noticed a merfolk impaler
   590 | D        | Noticed a merfolk impaler
   590 | D        | Noticed a water elemental
   590 | D        | Gained mutation: Your muscles are strong. (Str +2) [Jiyva's grace]
   591 | D        | Noticed a harpy
   591 | D        | Noticed a merfolk javelineer
   591 | D        | Noticed a merfolk aquamancer
   591 | D        | Noticed a merfolk javelineer
   591 | D        | Noticed a merfolk aquamancer
   593 | D        | Noticed a merfolk javelineer
   593 | D        | Killed a mermaid
   594 | D        | Noticed a merfolk javelineer
   595 | D        | Killed a water nymph
   595 | D        | Killed a harpy
   595 | D        | Killed a merfolk aquamancer
   598 | D        | Noticed a griffon
   598 | D        | Noticed a mermaid
   605 | D        | Killed a merfolk aquamancer
   605 | D        | Reached skill level 23 in Axes
   605 | D        | Killed a merfolk aquamancer
   606 | D        | Killed a merfolk aquamancer
   609 | D        | Lost mutation: Your skin is partially translucent. [Jiyva's grace]
   609 | D        | Killed a merfolk javelineer
   610 | D        | Killed a merfolk aquamancer
   610 | D        | Killed a griffon
   612 | D        | Killed a merfolk impaler
   612 | D        | Killed a merfolk impaler
   613 | D        | Killed a merfolk impaler
   615 | D        | Killed a merfolk impaler
   616 | D        | Killed a manticore
   616 | D        | Reached skill level 15 in Armour
   616 | D        | Killed a merfolk javelineer
   617 | D        | Killed a griffon
   617 | D        | Killed a merfolk impaler
   621 | D        | Killed a water elemental
   621 | D        | Killed a merfolk javelineer
   623 | D        | Killed a cyclops
   624 | D        | Killed a merfolk javelineer
   624 | D        | Reached skill level 24 in Axes
   625 | D        | Killed a merfolk javelineer
   627 | D        | Gained mutation: You have a slow metabolism. [Jiyva's grace]
   627 | D        | Killed a mermaid
   634 | D        | Gained mutation: Thin tendrils of slime have grown from your body. [Jiyva's grace]
   644 | D        | Lost mutation: You have a slow metabolism. [Jiyva's grace]
   656 | D        | Lost mutation: Your muscles are strong. (Str +2) [Jiyva's grace]
   659 | D        | Noticed a centaur
   659 | D        | Noticed a griffon
   662 | D        | Killed a centaur
   664 | D        | Killed a griffon
   669 | D        | Gained mutation: Armour fits poorly on your strangely shaped body. [Jiyva's grace]
   681 | D        | Gained mutation: You have a slow metabolism. [Jiyva's grace]
   690 | D        | Gained mutation: Your body is mostly covered in golden eyeballs (Acc +5). [Jiyva's grace]
   696 | D        | Lost mutation: Armour fits poorly on your strangely shaped body. [Jiyva's power]
   697 | D        | Entered arena 16.
   701 | D        | Lost mutation: Your rubbery body absorbs attacks (AC +1). [Jiyva's grace]
   703 | D        | Noticed a slime creature
   703 | D        | Noticed a slime creature
   703 | D        | Gained mutation: You are mostly covered in thin metallic scales (AC +3). [Jiyva's grace]
   703 | D        | Lost mutation: You have a slow metabolism. [Jiyva's grace]
   703 | D        | Gained mutation: You have sharp toenails. [Jiyva's grace]
   704 | D        | Noticed a slime creature
   704 | D        | Noticed a great orb of eyes
   704 | D        | Noticed a slime creature
   704 | D        | Lost mutation: You have sharp toenails. [Jiyva's grace]
   705 | D        | Noticed a slime creature
   705 | D        | Noticed a shining eye
   705 | D        | Noticed a golden eye
   705 | D        | Gained mutation: You have a small jelly attached to you that senses nearby items. [Jiyva's grace]
   705 | D        | Gained mutation: Your rubbery body absorbs attacks (AC +1). [Jiyva's grace]
   705 | D        | Lost mutation: You have a small jelly attached to you that senses nearby items. [Jiyva's grace]
   705 | D        | Lost mutation: You are mostly covered in thin metallic scales (AC +3). [Jiyva's grace]
   706 | D        | Noticed a death ooze
   706 | D        | Noticed an azure jelly
   706 | D        | Noticed a slime creature
   706 | D        | Gained mutation: You are dopey. (Int -2) [Jiyva's grace]
   706 | D        | Lost mutation: You are dopey. (Int -2) [Jiyva's grace]
   707 | D        | Noticed a slime creature
   707 | D        | Lost mutation: Your rubbery body absorbs attacks (AC +1). [Jiyva's grace]
   707 | D        | Gained mutation: Your body is completely covered in golden eyeballs (Acc +7, SInv). [Jiyva's grace]
   707 | D        | Gained mutation: You have a slow metabolism. [Jiyva's grace]
   707 | D        | Gained mutation: You are dopey. (Int -2) [Jiyva's grace]
   714 | D        | Entered arena 17.
   719 | D        | Gained mutation: You can spit poison. [Jiyva's grace]
   720 | D        | Noticed a slime creature
   720 | D        | Noticed a slime creature
   720 | D        | Noticed a shining eye
   720 | D        | Lost mutation: You have a slow metabolism. [Jiyva's grace]
   720 | D        | Lost mutation: You are dopey. (Int -2) [Jiyva's grace]
   720 | D        | Lost mutation: You can spit poison. [Jiyva's grace]
   721 | D        | Noticed a slime creature
   721 | D        | Noticed an azure jelly
   721 | D        | Noticed a great orb of eyes
   721 | D        | Noticed a slime creature
   721 | D        | Noticed a slime creature
   721 | D        | Noticed a slime creature
   721 | D        | Lost mutation: Your body is completely covered in golden eyeballs (Acc +7, SInv). [Jiyva's grace]
   721 | D        | Gained mutation: Your body is slowly deteriorating. [Jiyva's grace]
   721 | D        | Lost mutation: Your body is slowly deteriorating. [Jiyva's grace]
   721 | D        | Lost mutation: You are partially covered in thin metallic scales (AC +2). [Jiyva's grace]
   721 | D        | Lost mutation: Thin tendrils of slime have grown from your body. [Jiyva's grace]
   721 | D        | Gained mutation: Your skin is partially translucent. [Jiyva's grace]
   721 | D        | Gained mutation: You passively map a small area around you. [Jiyva's grace]
   721 | D        | Lost mutation: You passively map a small area around you. [Jiyva's grace]
   721 | D        | Killed a slime creature
   722 | D        | Noticed a great orb of eyes
   722 | D        | Noticed an azure jelly
   722 | D        | Noticed a slime creature
   722 | D        | Noticed a slime creature
   722 | D        | Gained mutation: Your rubbery body absorbs attacks (AC +1). [Jiyva's grace]
   722 | D        | Gained mutation: Thin tendrils of slime have grown from your body. [Jiyva's grace]
   722 | D        | Lost mutation: Your skin is partially translucent. [Jiyva's grace]
   722 | D        | Killed a shining eye
   723 | D        | Noticed an azure jelly
   723 | D        | Noticed a jelly
   723 | D        | Noticed a great orb of eyes
   724 | D        | Noticed an eye of draining
   724 | D        | Gained mutation: Your system is resistant to poisons. [Jiyva's grace]
   731 | D        | Lost mutation: Thin tendrils of slime have grown from your body. [Jiyva's grace]
   737 | D        | Gained mutation: Armour fits poorly on your strangely shaped body. [Jiyva's grace]
   754 | D        | Entered arena 18.
   761 | D        | Noticed a vampire
   763 | D        | Noticed an ancient lich
   763 | D        | Gained mutation: You have a fast metabolism. [Jiyva's grace]
   764 | D        | Noticed a necromancer
   766 | D        | Noticed a skeletal warrior
   766 | D        | Noticed a skeletal warrior
   766 | D        | Noticed a wight
   767 | D        | Killed a vampire
   767 | D        | Reached skill level 1 in Throwing
   769 | D        | Killed a necromancer
   771 | D        | Noticed a necromancer
   771 | D        | Noticed a necrophage
   773 | D        | Killed a necrophage
   774 | D        | Noticed a vampire mage
   775 | D        | Noticed a wight
   777 | D        | Noticed a shadow
   779 | D        | Killed a vampire mage
   781 | D        | Noticed a skeletal warrior
   781 | D        | Noticed a shadow
   782 | D        | Noticed a shadow
   782 | D        | Killed an ancient lich
   782 | D        | Reached skill level 10 in Throwing
   782 | D        | Reached XP level 14. HP: 131/144 MP: 25/25
   783 | D        | Noticed a wight
   784 | D        | Killed a skeletal warrior
   788 | D        | Killed a skeletal warrior
   789 | D        | Killed a shadow
   790 | D        | Killed a necromancer
   791 | D        | Noticed a shadow
   791 | D        | Killed a wight
   792 | D        | Killed a shadow
   794 | D        | Killed a shadow
   795 | D        | Noticed a necrophage
   796 | D        | Killed a wight
   796 | D        | Killed a wight
   802 | D        | Killed a skeletal warrior
   803 | D        | Killed a necrophage
   808 | D        | Got the ring of Schocoot {Wiz Int+4 Slay-1 SInv}
   835 | D        | Entered arena 19.
   835 | D        | Noticed a vampire mage
   835 | D        | Noticed a shadow
   835 | D        | Noticed a vampire mage
   835 | D        | Noticed a necrophage
   835 | D        | Noticed a vampire knight
   839 | D        | Killed a necrophage
   845 | D        | Noticed a lich
   845 | D        | Noticed a lich
   845 | D        | Noticed a wight
   845 | D        | Killed a vampire knight
   845 | D        | Killed a shadow
   846 | D        | Noticed a necromancer
   847 | D        | Noticed a wight
   847 | D        | Noticed a necromancer
   847 | D        | Noticed a wight
   847 | D        | Killed a vampire mage
   847 | D        | Killed a vampire mage
   848 | D        | Noticed a necrophage
   848 | D        | Noticed a vampire mage
   849 | D        | Noticed a shadow
   850 | D        | Noticed an ancient lich
   852 | D        | Killed a necromancer
   853 | D        | Noticed a Brimstone Fiend
   853 | D        | Noticed a wight
   854 | D        | Noticed a vampire mage
   854 | D        | Killed a wight
   856 | D        | Killed a necrophage
   857 | D        | Killed a lich
   858 | D        | Noticed a balrug
   859 | D        | Killed a wight
   860 | D        | Identified a +5 rod of inaccuracy (6/9)
   866 | D        | a wight changed into a death ooze
   866 | D        | Killed a wight
   867 | D        | Gained mutation: Your flesh is heat resistant. [Jiyva's grace]
   867 | D        | Killed a shadow
   869 | D        | Noticed an Ice Fiend
   871 | D        | a vampire mage changed into a death ooze
   872 | D        | Killed a necromancer
   872 | D        | Gained mutation: Your body is completely covered in golden eyeballs (Acc +7, SInv). [Jiyva's grace]
   872 | D        | Lost mutation: Your rubbery body absorbs attacks (AC +1). [Jiyva's grace]
   879 | D        | Killed a lich
   879 | D        | Killed a balrug
   882 | D        | Killed an ancient lich
   885 | D        | Killed a vampire mage
  1059 | D        | Lost mutation: Armour fits poorly on your strangely shaped body. [Jiyva's power]
  1143 | D        | Entered arena 20.
  1151 | D        | Noticed a glowing shapeshifter
  1151 | D        | Noticed a mermaid
  1151 | D        | Noticed a faun
  1151 | D        | Noticed a titan
  1151 | D        | a glowing shapeshifter changed into a titan
  1151 | D        | a mermaid changed into a deep troll
  1152 | D        | Noticed a giant orange brain
  1152 | D        | Noticed a shock serpent
  1152 | D        | Noticed a wolf spider
  1152 | D        | a giant orange brain changed into a deep troll
  1152 | D        | Noticed a golden dragon
  1152 | D        | a titan changed into a golden dragon
  1152 | D        | a faun changed into a snapping turtle
  1153 | D        | Noticed a formicid
  1154 | D        | Noticed a titan
  1154 | D        | Noticed a wolf spider
  1154 | D        | a shock serpent changed into a faun
  1155 | D        | Noticed a jumping spider
  1155 | D        | Noticed a yak
  1155 | D        | Noticed an acid blob
  1155 | D        | Noticed a golden dragon
  1155 | D        | a titan changed into a golden dragon
  1155 | D        | a wolf spider changed into a fire dragon
  1156 | D        | a wolf spider changed into a shock serpent
  1157 | D        | Noticed a titan
  1157 | D        | a golden dragon changed into a titan
  1157 | D        | Noticed a fire giant
  1157 | D        | an acid blob changed into a fire giant
  1158 | D        | Noticed a golden dragon
  1158 | D        | a titan changed into a golden dragon
  1158 | D        | Noticed a quicksilver dragon
  1158 | D        | a fire giant changed into a quicksilver dragon
  1159 | D        | a golden dragon changed into an alligator snapping turtle
  1160 | D        | a jumping spider changed into a redback
  1161 | D        | Killed a yak
  1163 | D        | Noticed a frost giant
  1163 | D        | a death yak changed into a frost giant
  1164 | D        | Noticed a fire giant
  1164 | D        | a quicksilver dragon changed into a fire giant
  1165 | D        | Noticed a shadow dragon
  1165 | D        | a fire giant changed into a shadow dragon
  1167 | D        | Noticed an azure jelly
  1167 | D        | an alligator snapping turtle changed into an azure jelly
  1169 | D        | Noticed a fire giant
  1169 | D        | a fire giant changed into an iron troll
  1172 | D        | Noticed a quicksilver dragon
  1172 | D        | an azure jelly changed into a quicksilver dragon
  1174 | D        | Noticed a quicksilver dragon
  1174 | D        | Noticed an emperor scorpion
  1174 | D        | a quicksilver dragon changed into an emperor scorpion
  1177 | D        | Noticed an azure jelly
  1177 | D        | an iron troll changed into an azure jelly
  1177 | D        | an emperor scorpion changed into a black draconian
  1179 | D        | Killed a quicksilver dragon
  1184 | D        | a formicid changed into a deep dwarf
  1199 | D        | Noticed a komodo dragon
  1210 | D        | Reached skill level 25 in Axes
  1211 | D        | Killed a komodo dragon
  1222 | D        | Got the ring of Avaf {Ice +Blink MR+ SInv}
  1305 | D        | Gained mutation: You are partially covered in rugged brown scales (AC +1, +3% HP). [Jiyva's grace]
  1305 | D        | Lost mutation: Armour fits poorly on your massive pseudopods. [Jiyva's grace]
  1308 | D        | Lost mutation: Your body is completely covered in golden eyeballs (Acc +7, SInv). [Jiyva's grace]
  1313 | D        | Gained mutation: You are agile. (Dex +2) [Jiyva's grace]
  1314 | D        | Gained mutation: You have supernaturally acute eyesight. [Jiyva's grace]
  1315 | D        | Gained mutation: You have acidic saliva. [Jiyva's grace]
  1315 | D        | Lost mutation: You are agile. (Dex +2) [Jiyva's grace]
  1331 | D        | Lost mutation: You have supernaturally acute eyesight. [Jiyva's grace]
  1333 | D        | Gained mutation: Your muscles are strong. (Str +2) [Jiyva's grace]
  1334 | D        | Entered arena 21.
  1335 | D        | Lost mutation: Your flesh is heat resistant. [Jiyva's grace]
  1335 | D        | Gained mutation: Your rubbery body absorbs attacks (AC +1). [Jiyva's grace]
  1336 | D        | Gained mutation: You have a small jelly attached to you that may absorb incoming projectiles. [Jiyva's grace]
  1338 | D        | Noticed a jelly
  1338 | D        | Gained mutation: Your skin is partially translucent. [Jiyva's grace]
  1339 | D        | Lost mutation: Your body is mostly covered in golden eyeballs (Acc +5). [Jiyva's grace]
  1340 | D        | Lost mutation: Your muscles are strong. (Str +2) [Jiyva's grace]
  1341 | D        | Noticed a death ooze
  1341 | D        | Gained mutation: Your magical capacity is low (-10% MP). [Jiyva's grace]
  1341 | D        | Killed a jelly
  1342 | D        | Noticed a slime creature
  1342 | D        | Noticed a slime creature
  1342 | D        | Noticed an eye of devastation
  1342 | D        | Gained mutation: You are somewhat resistant to further mutation. [Jiyva's grace]
  1342 | D        | Lost mutation: You have a fast metabolism. [Jiyva's grace]
  1342 | D        | Killed a death ooze
  1342 | D        | Killed a slime creature
  1343 | D        | Noticed an azure jelly
  1343 | D        | Noticed a death ooze
  1343 | D        | Noticed a slime creature
  1343 | D        | Noticed a giant orange brain
  1343 | D        | Noticed a great orb of eyes
  1343 | D        | Noticed a slime creature
  1343 | D        | Gained mutation: You have sharp toenails. [Jiyva's grace]
  1343 | D        | Gained mutation: Your skin is mostly translucent (Stealth). [Jiyva's grace]
  1343 | D        | Gained mutation: Armour fits poorly on your massive pseudopods. [Jiyva's grace]
  1343 | D        | Lost mutation: Your magical capacity is low (-10% MP). [Jiyva's grace]
  1343 | D        | Gained mutation: You are partially covered in icy blue scales (AC +1). [Jiyva's grace]
  1343 | D        | Gained mutation: Your transparent skin reduces the accuracy of your foes (Stealth). [Jiyva's grace]
  1343 | D        | Gained mutation: Your pliable body absorbs attacks (AC +1, EV +1). [Jiyva's grace]
  1343 | D        | Lost mutation: You have sharp toenails. [Jiyva's grace]
  1343 | D        | Gained mutation: You are somewhat resistant to both further mutation and mutation removal. [Jiyva's grace]
  1343 | D        | Lost mutation: Your transparent skin reduces the accuracy of your foes (Stealth). [Jiyva's grace]
  1344 | D        | Noticed a death ooze
  1344 | D        | Noticed a great orb of eyes
  1344 | D        | Noticed an eye of devastation
  1344 | D        | Noticed a death ooze
  1344 | D        | Noticed an azure jelly
  1344 | D        | Noticed a slime creature
  1344 | D        | Noticed an acid blob
  1344 | D        | Noticed a shining eye
  1344 | D        | Lost mutation: You have acidic saliva. [Jiyva's grace]
  1344 | D        | Gained mutation: Thin tendrils of slime have grown from your body. [Jiyva's grace]
  1344 | D        | Gained mutation: You have acidic saliva. [Jiyva's grace]
  1345 | D        | Gained mutation: You have large cloven feet. [Jiyva's grace]
  1345 | D        | Gained mutation: You are partially covered in molten scales (AC +1). [Jiyva's grace]
  1345 | D        | Killed a death ooze
  1345 | D        | Killed a slime creature
  1345 | D        | Killed a slime creature
  1346 | D        | Noticed a great orb of eyes
  1346 | D        | Noticed an azure jelly
  1346 | D        | Noticed a death ooze
  1346 | D        | Noticed an acid blob
  1346 | D        | Lost mutation: You have large cloven feet. [Jiyva's grace]
  1346 | D        | Killed a jelly
  1347 | D        | Noticed a slime creature
  1347 | D        | Noticed a golden eye
  1347 | D        | Lost mutation: You are partially covered in rugged brown scales (AC +1, +3% HP). [Jiyva's grace]
  1353 | D        | Got the ring of Vob Mier {+cTele Str-3 Dex-5}
  1364 | D        | Gained mutation: Your transparent skin reduces the accuracy of your foes (Stealth). [Jiyva's grace]
  1379 | D        | Entered arena 22.
  1379 | D        | Gained mutation: You have a pair of large horns on your head. [Jiyva's grace]
  1381 | D        | Lost mutation: Your system is resistant to poisons. [Jiyva's grace]
  1382 | D        | Lost mutation: Armour fits poorly on your massive pseudopods. [Jiyva's grace]
  1387 | D        | Noticed a deep troll
  1387 | D        | Noticed a storm dragon
  1387 | D        | a pale draconian changed into a storm dragon
  1387 | D        | Gained mutation: You have large cloven feet. [Jiyva's grace]
  1388 | D        | Noticed a hippogriff
  1388 | D        | Noticed a harpy
  1388 | D        | a storm dragon changed into a red draconian
  1389 | D        | Gained mutation: You can spit poison. [Jiyva's grace]
  1391 | D        | Noticed a tarantella
  1392 | D        | Noticed an iron dragon
  1392 | D        | Noticed an iron dragon
  1392 | D        | Gained mutation: You are partially covered in slimy green scales (AC +2). [Jiyva's grace]
  1393 | D        | Lost mutation: You have a pair of large horns on your head. [Jiyva's grace]
  1394 | D        | Noticed a black bear
  1394 | D        | Noticed a shadow dragon
  1394 | D        | an iron troll changed into a shadow dragon
  1394 | D        | Noticed a shadow dragon
  1394 | D        | an iron dragon changed into a shadow dragon
  1394 | D        | a deep troll changed into a water nymph
  1394 | D        | Gained mutation: Armour fits poorly on your massive pseudopods. [Jiyva's grace]
  1394 | D        | Lost mutation: You have a small jelly attached to you that may absorb incoming projectiles. [Jiyva's grace]
  1394 | D        | Killed a hippogriff
  1395 | D        | Lost mutation: You are somewhat resistant to both further mutation and mutation removal. [Jiyva's grace]
  1395 | D        | Lost mutation: You are somewhat resistant to further mutation. [Jiyva's grace]
  1395 | D        | Gained mutation: You evolve. [Jiyva's grace]
  1396 | D        | Noticed a sphinx
  1396 | D        | a shadow dragon changed into a sphinx
  1396 | D        | a black bear changed into a hog
  1397 | D        | a harpy changed into a basilisk
  1397 | D        | Noticed a shadow dragon
  1397 | D        | an iron dragon changed into a shadow dragon
  1397 | D        | Gained mutation: Your body is mostly covered in golden eyeballs (Acc +5). [Jiyva's grace]
  1398 | D        | Noticed an azure jelly
  1398 | D        | Lost mutation: You can spit poison. [Jiyva's grace]
  1399 | D        | Noticed a golden dragon
  1399 | D        | a shadow dragon changed into a golden dragon
  1399 | D        | Gained mutation: Your body is completely covered in golden eyeballs (Acc +7, SInv). [Jiyva's grace]
  1400 | D        | Noticed a frost giant
  1400 | D        | a sphinx changed into a frost giant
  1401 | D        | Noticed a shadow dragon
  1401 | D        | a golden dragon changed into a shadow dragon
  1401 | D        | Noticed an azure jelly
  1401 | D        | a green draconian changed into an azure jelly
  1401 | D        | Lost mutation: You are partially covered in slimy green scales (AC +2). [Jiyva's grace]
  1401 | D        | Killed an azure jelly
  1402 | D        | Gained mutation: Your flesh is cold resistant. [Jiyva's grace]
  1404 | D        | Noticed a sphinx
  1404 | D        | a shadow dragon changed into a sphinx
  1405 | D        | Noticed a kraken
  1405 | D        | a frost giant changed into a kraken
  1405 | D        | Noticed an emperor scorpion
  1405 | D        | an azure jelly changed into an emperor scorpion
  1405 | D        | Lost mutation: Thin tendrils of slime have grown from your body. [Jiyva's grace]
  1406 | D        | Noticed a ghost moth
  1406 | D        | Killed a sphinx
  1406 | D        | a kraken changed into a black draconian
  1406 | D        | Reached XP level 15. HP: 152/156 MP: 26/26
  1407 | D        | an emperor scorpion changed into a black draconian
  1407 | D        | Lost mutation: You have large cloven feet. [Jiyva's grace]
  1408 | D        | a ghost moth changed into an alligator
  1409 | D        | a shadow dragon changed into a fire giant
  1410 | D        | Noticed a sphinx
  1410 | D        | a dire elephant changed into a sphinx
  1411 | D        | a sphinx changed into an alligator snapping turtle
  1411 | D        | Lost mutation: You have acidic saliva. [Jiyva's grace]
  1413 | D        | a tarantella changed into a swamp dragon
  1414 | D        | Lost mutation: You are partially covered in icy blue scales (AC +1). [Jiyva's grace]
  1416 | D        | Gained mutation: You are agile. (Dex +2) [Jiyva's grace]
  1418 | D        | Lost mutation: Your transparent skin reduces the accuracy of your foes (Stealth). [Jiyva's grace]
  1444 | D        | Gained mutation: Your flesh is very cold resistant. [Jiyva's grace]
  1460 | D        | Got the ring of Feskiz Tuj {Fire Dex+3}
  1556 | D        | Entered arena 23.
  1556 | D        | Noticed a naga
  1556 | D        | Noticed a naga mage
  1556 | D        | Noticed a naga mage
  1556 | D        | Noticed a water moccasin
  1556 | D        | Noticed a naga
  1556 | D        | Noticed a greater naga
  1556 | D        | Noticed a water moccasin
  1557 | D        | Noticed a water moccasin
  1557 | D        | Killed a naga
  1557 | D        | Killed a naga
  1558 | D        | Noticed a naga
  1558 | D        | Noticed a naga
  1559 | D        | Killed a naga mage
  1559 | D        | Killed a greater naga
  1559 | D        | Reached skill level 15 in Throwing
  1559 | D        | Killed a water moccasin
  1560 | D        | Noticed a naga mage
  1561 | D        | Killed a water moccasin
  1562 | D        | Noticed an anaconda
  1563 | D        | Noticed a guardian serpent
  1563 | D        | Killed a water moccasin
  1563 | D        | Killed a naga mage
  1564 | D        | Noticed a guardian serpent
  1564 | D        | Noticed an anaconda
  1564 | D        | Noticed a water moccasin
  1564 | D        | Noticed a black mamba
  1565 | D        | Noticed a black mamba
  1565 | D        | Noticed a black mamba
  1565 | D        | Noticed a greater naga
  1565 | D        | Noticed a greater naga
  1565 | D        | Killed a naga
  1567 | D        | Noticed a naga warrior
  1567 | D        | Noticed a naga warrior
  1567 | D        | Killed a greater naga
  1568 | D        | Noticed a guardian serpent
  1569 | D        | Noticed a naga mage
  1569 | D        | Killed a greater naga
  1570 | D        | Noticed a greater naga
  1571 | D        | Noticed a naga
  1571 | D        | Killed a naga
  1572 | D        | Noticed a greater naga
  1572 | D        | Killed an anaconda
  1572 | D        | Killed a guardian serpent
  1574 | D        | Noticed a naga
  1574 | D        | Noticed a naga
  1574 | D        | Killed a guardian serpent
  1575 | D        | Killed a black mamba
  1576 | D        | Noticed a naga warrior
  1576 | D        | Killed a naga mage
  1577 | D        | Noticed a naga mage
  1577 | D        | Killed an anaconda
  1577 | D        | Killed a naga
  1578 | D        | Killed a black mamba
  1578 | D        | Killed a black mamba
  1579 | D        | Killed a guardian serpent
  1579 | D        | Killed a water moccasin
  1581 | D        | Noticed a naga mage
  1581 | D        | Killed a naga
  1582 | D        | Killed a greater naga
  1583 | D        | Killed a naga mage
  1587 | D        | Killed a naga warrior
  1588 | D        | Killed a greater naga
  1590 | D        | Killed a naga warrior
  1593 | D        | Killed a naga warrior
  1594 | D        | Killed a naga mage
  1594 | D        | Killed a naga
  1596 | D        | Killed a naga mage
  1624 | D        | Got the ring of Etinkeh {rN+ Slay+3 SInv Stlth--}
  1681 | D        | Got the amulet "Kudawkod" {rMut rElec SInv}
  1799 | D        | Gained mutation: You have a somewhat thin skeletal structure (Dex +2, Stealth). [evolution]
  1800 | D        | Lost mutation: Armour fits poorly on your massive pseudopods. [Jiyva's grace]
  1801 | D        | Lost mutation: Your skin is mostly translucent (Stealth). [Jiyva's grace]
  1802 | D        | Gained mutation: Your system is resistant to poisons. [Jiyva's grace]
  1803 | D        | Gained mutation: You have large cloven feet. [Jiyva's grace]
  1803 | D        | Lost mutation: Your body is completely covered in golden eyeballs (Acc +7, SInv). [Jiyva's grace]
  1804 | D        | Lost mutation: You have large cloven feet. [Jiyva's grace]
  1804 | D        | Gained mutation: You have an increased reservoir of magic (+10% MP). [Jiyva's grace]
  1805 | D        | Lost mutation: Your system is resistant to poisons. [Jiyva's grace]
  1806 | D        | Gained mutation: You are robust (+10% HP). [Jiyva's grace]
  1806 | D        | Gained mutation: Your body is completely covered in golden eyeballs (Acc +7, SInv). [Jiyva's grace]
  1807 | D        | Gained mutation: You have a small jelly attached to you that senses nearby items. [Jiyva's grace]
  1807 | D        | Lost mutation: You have an increased reservoir of magic (+10% MP). [Jiyva's grace]
  1808 | D        | Lost mutation: Your pliable body absorbs attacks (AC +1, EV +1). [Jiyva's grace]
  1808 | D        | Gained mutation: You have a slow metabolism. [Jiyva's grace]
  1809 | D        | Lost mutation: You are partially covered in molten scales (AC +1). [Jiyva's grace]
  1810 | D        | Gained mutation: You rapidly evolve. [Jiyva's grace]
  1812 | D        | Gained mutation: You have a small jelly attached to you that may absorb incoming projectiles. [Jiyva's grace]
  1814 | D        | Lost mutation: You are agile. (Dex +2) [Jiyva's grace]
  1814 | D        | Lost mutation: You have a small jelly attached to you that may absorb incoming projectiles. [Jiyva's grace]
  1817 | D        | Lost mutation: Armour fits poorly on your large pseudopods. [Jiyva's grace]
  1817 | D        | Gained mutation: Your pliable body absorbs attacks (AC +1, EV +1). [Jiyva's grace]
  1820 | D        | Lost mutation: You are robust (+10% HP). [Jiyva's grace]
  1820 | D        | Lost mutation: Your body is completely covered in golden eyeballs (Acc +7, SInv). [Jiyva's grace]
  1823 | D        | Lost mutation: You rapidly evolve. [Jiyva's grace]
  1825 | D        | Gained mutation: Armour fits poorly on your large pseudopods. [Jiyva's grace]
  1831 | D        | Lost mutation: Your skin is partially translucent. [Jiyva's grace]
  1831 | D        | Gained mutation: You have acidic saliva. [Jiyva's grace]
  1831 | D        | Gained mutation: Your vision is a little blurry. [Jiyva's grace]
  1833 | D        | Gained mutation: You need consume almost no food. [Jiyva's grace]
  1833 | D        | Gained mutation: You passively map a small area around you. [Jiyva's grace]
  1833 | D        | Gained mutation: You are agile. (Dex +2) [Jiyva's grace]
  1833 | D        | Lost mutation: Your body is mostly covered in golden eyeballs (Acc +5). [Jiyva's grace]
  1834 | D        | Lost mutation: Your vision is a little blurry. [Jiyva's power]
  1834 | D        | Lost mutation: You are agile. (Dex +2) [Jiyva's grace]
  1834 | D        | Lost mutation: Your flesh is very cold resistant. [Jiyva's grace]
  1834 | D        | Gained mutation: You are robust (+10% HP). [Jiyva's grace]
  1835 | D        | Lost mutation: Your flesh is cold resistant. [Jiyva's grace]
  1835 | D        | Gained mutation: Your body is mostly covered in golden eyeballs (Acc +5). [Jiyva's grace]
  1835 | D        | Gained mutation: You can breathe flames. [Jiyva's grace]
  1835 | D        | Gained mutation: You possess an exceptional clarity of mind. [Jiyva's grace]
  1835 | D        | Lost mutation: You possess an exceptional clarity of mind. [Jiyva's grace]
  1835 | D        | Lost mutation: You have acidic saliva. [Jiyva's grace]
  1836 | D        | Lost mutation: You evolve. [Jiyva's grace]
  1836 | D        | Gained mutation: Your skin changes colour to match your surroundings (Stealth). [Jiyva's grace]
  1836 | D        | Gained mutation: You have a small jelly attached to you that may absorb incoming projectiles. [Jiyva's grace]
  1836 | D        | Gained mutation: You have acidic saliva. [Jiyva's grace]
  1838 | D        | Lost mutation: You need consume almost no food. [Jiyva's grace]
  1838 | D        | Lost mutation: You have a slow metabolism. [Jiyva's grace]
  1840 | D        | Gained mutation: Armour fits poorly on your strangely shaped body. [Jiyva's grace]
  1841 | D        | Entered arena 24.
  1841 | D        | Noticed a merfolk impaler
  1841 | D        | Noticed a mermaid
  1841 | D        | Noticed a mermaid
  1841 | D        | Noticed a merfolk impaler
  1841 | D        | Noticed a merfolk javelineer
  1841 | D        | Noticed a merfolk impaler
  1841 | D        | Noticed a merfolk impaler
  1841 | D        | Noticed a merfolk javelineer
  1841 | D        | Noticed a shark
  1841 | D        | Noticed a snapping turtle
  1841 | D        | Noticed an alligator snapping turtle
  1841 | D        | Noticed a merfolk aquamancer
  1841 | D        | Lost mutation: You have a somewhat thin skeletal structure (Dex +2, Stealth). [Jiyva's grace]
  1842 | D        | Noticed a merfolk
  1842 | D        | Gained mutation: You have a somewhat thin skeletal structure (Dex +2, Stealth). [Jiyva's grace]
  1843 | D        | Gained mutation: Your muscles are strong. (Str +2) [Jiyva's grace]
  1844 | D        | Lost mutation: You have a small jelly attached to you that senses nearby items. [Jiyva's grace]
  1846 | D        | Noticed a merfolk
  1846 | D        | Noticed a sea snake
  1847 | D        | Noticed a merfolk aquamancer
  1848 | D        | Noticed a merfolk aquamancer
  1848 | D        | Noticed a merfolk aquamancer
  1848 | D        | Noticed a merfolk javelineer
  1848 | D        | Lost mutation: You are robust (+10% HP). [Jiyva's grace]
  1849 | D        | Noticed a merfolk
  1849 | D        | Noticed a merfolk aquamancer
  1850 | D        | Noticed a merfolk javelineer
  1850 | D        | Noticed a merfolk aquamancer
  1850 | D        | Noticed a water elemental
  1850 | D        | Noticed a merfolk
  1850 | D        | Noticed a merfolk aquamancer
  1851 | D        | Noticed a merfolk impaler
  1851 | D        | Noticed a merfolk javelineer
  1851 | D        | Killed a mermaid
  1851 | D        | Killed a sea snake
  1851 | D        | Killed a merfolk javelineer
  1852 | D        | Noticed a sea snake
  1852 | D        | Noticed a merfolk impaler
  1852 | D        | Noticed a water nymph
  1852 | D        | Noticed a shark
  1852 | D        | Noticed a merfolk javelineer
  1852 | D        | Noticed a manticore
  1853 | D        | Noticed a merfolk javelineer
  1853 | D        | Killed a merfolk aquamancer
  1854 | D        | Noticed a manticore
  1855 | D        | Noticed a merfolk aquamancer
  1855 | D        | Noticed a manticore
  1855 | D        | Noticed a manticore
  1855 | D        | Killed a merfolk aquamancer
  1855 | D        | Killed a merfolk aquamancer
  1855 | D        | Killed a shark
  1856 | D        | Killed a merfolk
  1856 | D        | Killed a merfolk aquamancer
  1857 | D        | Noticed a merfolk javelineer
  1857 | D        | Killed a water elemental
  1858 | D        | Noticed a manticore
  1858 | D        | Killed a merfolk aquamancer
  1858 | D        | Killed a merfolk javelineer
  1858 | D        | Killed a merfolk javelineer
  1858 | D        | Killed a mermaid
  1860 | D        | Killed a merfolk aquamancer
  1860 | D        | Killed a merfolk impaler
  1861 | D        | Killed a merfolk javelineer
  1861 | D        | Killed a merfolk impaler
  1861 | D        | Killed a merfolk
  1862 | D        | Noticed a shark
  1862 | D        | Killed a merfolk aquamancer
  1863 | D        | Killed a merfolk javelineer
  1864 | D        | Noticed a shark
  1864 | D        | Killed a manticore
  1866 | D        | Killed a shark
  1869 | D        | Killed a manticore
  1869 | D        | Killed a snapping turtle
  1870 | D        | Gained mutation: You have large cloven feet. [Jiyva's grace]
  1871 | D        | Killed a merfolk impaler
  1871 | D        | Killed a manticore
  1872 | D        | Lost mutation: Your muscles are strong. (Str +2) [Jiyva's grace]
  1873 | D        | Lost mutation: You can breathe flames. [Jiyva's grace]
  1874 | D        | Killed a shark
  1877 | D        | Killed a shark
  1877 | D        | Killed a merfolk impaler
  1878 | D        | Lost mutation: Armour fits poorly on your strangely shaped body. [Jiyva's grace]
  1878 | D        | Lost mutation: Your pliable body absorbs attacks (AC +1, EV +1). [Jiyva's grace]
  1878 | D        | Gained mutation: Your flesh is heat resistant. [Jiyva's grace]
  1879 | D        | Killed a merfolk aquamancer
  1880 | D        | Killed a sea snake
  1880 | D        | Killed a merfolk
  1880 | D        | Killed a manticore
  1880 | D        | Killed a merfolk impaler
  1880 | D        | Reached XP level 16. HP: 48/170 MP: 29/29
  1881 | D        | Killed a merfolk
  1881 | D        | Killed a water nymph
  1881 | D        | Gained mutation: You have sharp fingernails. [Jiyva's grace]
  1881 | D        | Lost mutation: You have large cloven feet. [Jiyva's grace]
  1881 | D        | Killed a manticore
  1881 | D        | Killed a merfolk javelineer
  1882 | D        | Lost mutation: Your flesh is heat resistant. [Jiyva's grace]
  1884 | D        | Killed a merfolk javelineer
  1886 | D        | Killed a merfolk impaler
  1887 | D        | Killed a merfolk javelineer
  1891 | D        | Killed an alligator snapping turtle
  1966 | D        | Noticed a shark
  1970 | D        | Killed a shark
  1976 | D        | Noticed a kraken
  1985 | D        | Killed a kraken
  2012 | D        | Got the cursed +3 pair of gloves of the Eternal Void {rElec rF+}
  2071 | D        | Lost mutation: You have a somewhat thin skeletal structure (Dex +2, Stealth). [Jiyva's grace]
  2073 | D        | Gained mutation: Your flesh is cold resistant. [Jiyva's grace]
  2074 | D        | Lost mutation: You passively map a small area around you. [Jiyva's grace]
  2075 | D        | Lost mutation: You have a small jelly attached to you that may absorb incoming projectiles. [Jiyva's grace]
  2075 | D        | Gained mutation: Your mind is acute. (Int +2) [Jiyva's grace]
  2076 | D        | Lost mutation: Your skin changes colour to match your surroundings (Stealth). [Jiyva's grace]
  2076 | D        | Gained mutation: You have a pair of large horns on your head. [Jiyva's grace]
  2077 | D        | Lost mutation: You have a pair of large horns on your head. [Jiyva's grace]
  2077 | D        | Gained mutation: Armour fits poorly on your massive pseudopods. [Jiyva's grace]
  2077 | D        | Lost mutation: Your rubbery body absorbs attacks (AC +1). [Jiyva's grace]
  2081 | D        | Entered arena 25.
  2081 | D        | Noticed a water moccasin
  2081 | D        | Gained mutation: Your body is completely covered in golden eyeballs (Acc +7, SInv). [Jiyva's grace]
  2081 | D        | Gained mutation: Your mind is very acute. (Int +4) [Jiyva's grace]
  2082 | D        | Lost mutation: Your flesh is cold resistant. [Jiyva's grace]
  2083 | D        | Killed a water moccasin
  2083 | D        | Lost mutation: Your mind is very acute. (Int +4) [Jiyva's grace]
  2084 | D        | Noticed an eight-headed hydra
  2084 | D        | Lost mutation: Your body is completely covered in golden eyeballs (Acc +7, SInv). [Jiyva's grace]
  2085 | D        | Gained mutation: Your skin changes colour to match your surroundings (Stealth). [Jiyva's grace]
  2085 | D        | Gained mutation: Your rubbery body absorbs attacks (AC +1). [Jiyva's grace]
  2086 | D        | Noticed a water moccasin
  2086 | D        | Lost mutation: Your skin changes colour to match your surroundings (Stealth). [Jiyva's grace]
  2087 | D        | Lost mutation: You have sharp fingernails. [Jiyva's grace]
  2088 | D        | Killed an eight-headed hydra
  2090 | D        | Lost mutation: You have acidic saliva. [Jiyva's grace]
  2093 | D        | Killed a water moccasin
  2093 | D        | Lost mutation: Your mind is acute. (Int +2) [Jiyva's grace]
  2094 | D        | Noticed a black mamba
  2094 | D        | Noticed a griffon
  2094 | D        | Noticed a water moccasin
  2095 | D        | Lost mutation: Your rubbery body absorbs attacks (AC +1). [Jiyva's grace]
  2096 | D        | Noticed a water moccasin
  2096 | D        | Gained mutation: You are somewhat resistant to further mutation. [Jiyva's grace]
  2097 | D        | Gained mutation: Your system is resistant to poisons. [Jiyva's grace]
  2098 | D        | Killed a black mamba
  2099 | D        | Noticed a spiny frog
  2099 | D        | Noticed a komodo dragon
  2099 | D        | Noticed a komodo dragon
  2100 | D        | Noticed a komodo dragon
  2100 | D        | Noticed a yak
  2100 | D        | Lost mutation: Your body is mostly covered in golden eyeballs (Acc +5). [Jiyva's grace]
  2101 | D        | Noticed a water moccasin
  2101 | D        | Noticed a dire elephant
  2101 | D        | Noticed a catoblepas
  2101 | D        | Noticed a water moccasin
  2102 | D        | Noticed a fire drake
  2102 | D        | Noticed a black mamba
  2103 | D        | Noticed a crocodile
  2103 | D        | Noticed a wyvern
  2103 | D        | Killed a griffon
  2104 | D        | Noticed a water moccasin
  2104 | D        | Killed a wyvern
  2104 | D        | Killed a yak
  2104 | D        | Killed a water moccasin
  2105 | D        | Noticed a death yak
  2105 | D        | Noticed a water moccasin
  2106 | D        | Noticed a water moccasin
  2106 | D        | Noticed a yak
  2106 | D        | Noticed a water moccasin
  2106 | D        | Noticed a black mamba
  2107 | D        | Noticed a water moccasin
  2107 | D        | Noticed a water moccasin
  2109 | D        | Noticed a seven-headed hydra
  2109 | D        | Killed a water moccasin
  2109 | D        | Killed a water moccasin
  2109 | D        | Killed a water moccasin
  2110 | D        | Noticed a spiny frog
  2110 | D        | Noticed a komodo dragon
  2110 | D        | Noticed a death yak
  2110 | D        | Killed a black mamba
  2111 | D        | Noticed a hippogriff
  2111 | D        | Killed a komodo dragon
  2111 | D        | Killed a spiny frog
  2112 | D        | Noticed a six-headed hydra
  2112 | D        | Killed a water moccasin
  2112 | D        | Gained mutation: You have sharp toenails. [Jiyva's grace]
  2112 | D        | Gained mutation: You have a small jelly attached to you that may absorb incoming projectiles. [Jiyva's grace]
  2112 | D        | Lost mutation: You are somewhat resistant to further mutation. [Jiyva's grace]
  2112 | D        | Lost mutation: You have sharp toenails. [Jiyva's grace]
  2113 | D        | Killed a black mamba
  2114 | D        | Gained mutation: Thin tendrils of slime have grown from your body. [Jiyva's grace]
  2115 | D        | Noticed a five-headed hydra
  2116 | D        | Killed a water moccasin
  2116 | D        | Killed a yak
  2116 | D        | Gained mutation: You possess an exceptional clarity of mind. [Jiyva's grace]
  2117 | D        | Killed a water moccasin
  2117 | D        | Killed a catoblepas
  2117 | D        | Gained mutation: You have supernaturally acute eyesight. [Jiyva's grace]
  2117 | D        | Gained mutation: Your skin is partially translucent. [Jiyva's grace]
  2117 | D        | Gained mutation: Your mind is acute. (Int +2) [Jiyva's grace]
  2117 | D        | Lost mutation: Armour fits poorly on your massive pseudopods. [Jiyva's grace]
  2118 | D        | Noticed a water moccasin
  2118 | D        | Lost mutation: Your mind is acute. (Int +2) [Jiyva's grace]
  2118 | D        | Lost mutation: Thin tendrils of slime have grown from your body. [Jiyva's grace]
  2119 | D        | Killed a fire drake
  2119 | D        | Gained mutation: You can breathe flames. [Jiyva's grace]
  2119 | D        | Gained mutation: You are partially covered in iridescent scales (AC +4). [Jiyva's grace]
  2119 | D        | Killed a six-headed hydra
  2119 | D        | Gained mutation: You heal slowly when monsters are visible. [Jiyva's grace]
  2119 | D        | Lost mutation: Your system is resistant to poisons. [Jiyva's grace]
  2119 | D        | Gained mutation: You have a slow metabolism. [Jiyva's grace]
  2119 | D        | Gained mutation: Your skin is mostly translucent (Stealth). [Jiyva's grace]
  2120 | D        | Noticed a boulder beetle
  2120 | D        | Killed a water moccasin
  2120 | D        | Killed a hippogriff
  2120 | D        | Killed a water moccasin
  2120 | D        | Lost mutation: Your skin is mostly translucent (Stealth). [Jiyva's grace]
  2120 | D        | Gained mutation: Your skin is mostly translucent (Stealth). [Jiyva's grace]
  2120 | D        | Gained mutation: You have a pair of large horns on your head. [Jiyva's grace]
  2120 | D        | Gained mutation: Your muscles are strong. (Str +2) [Jiyva's grace]
  2121 | D        | Lost mutation: You have a small jelly attached to you that may absorb incoming projectiles. [Jiyva's grace]
  2121 | D        | Lost mutation: Your skin is mostly translucent (Stealth). [Jiyva's grace]
  2121 | D        | Lost mutation: Your skin is partially translucent. [Jiyva's grace]
  2121 | D        | Lost mutation: You have a slow metabolism. [Jiyva's grace]
  2121 | D        | Lost mutation: Your muscles are strong. (Str +2) [Jiyva's grace]
  2122 | D        | Noticed a catoblepas
  2122 | D        | Killed a seven-headed hydra
  2122 | D        | Gained mutation: You have a small jelly attached to you that may absorb incoming projectiles. [Jiyva's grace]
  2122 | D        | Gained mutation: You are resistant to hostile enchantments. [Jiyva's grace]
  2122 | D        | Lost mutation: You have a small jelly attached to you that may absorb incoming projectiles. [Jiyva's grace]
  2122 | D        | Killed a water moccasin
  2122 | D        | Killed a crocodile
  2122 | D        | Killed a komodo dragon
  2122 | D        | Lost mutation: You possess an exceptional clarity of mind. [Jiyva's grace]
  2123 | D        | Gained mutation: Your rubbery body absorbs attacks (AC +1). [Jiyva's grace]
  2123 | D        | Gained mutation: You have a slow metabolism. [Jiyva's grace]
  2123 | D        | Gained mutation: Your muscles are strong. (Str +2) [Jiyva's grace]
  2123 | D        | Gained mutation: Your spells are a little harder to cast, but a little more powerful. [Jiyva's grace]
  2124 | D        | Killed a death yak
  2124 | D        | Killed a dire elephant
  2124 | D        | Gained mutation: Your body is mostly covered in golden eyeballs (Acc +5). [Jiyva's grace]
  2124 | D        | Lost mutation: You can breathe flames. [Jiyva's grace]
  2124 | D        | Gained mutation: You possess an exceptional clarity of mind. [Jiyva's grace]
  2124 | D        | Lost mutation: Your spells are a little harder to cast, but a little more powerful. [Jiyva's grace]
  2124 | D        | Lost mutation: You possess an exceptional clarity of mind. [Jiyva's grace]
  2124 | D        | Gained mutation: You have a small jelly attached to you that senses nearby items. [Jiyva's grace]
  2124 | D        | Lost mutation: You heal slowly when monsters are visible. [Jiyva's grace]
  2124 | D        | Lost mutation: Your muscles are strong. (Str +2) [Jiyva's grace]
  2124 | D        | Gained mutation: Armour fits poorly on your massive pseudopods. [Jiyva's grace]
  2125 | D        | Killed a death yak
  2125 | D        | Lost mutation: Your body is mostly covered in golden eyeballs (Acc +5). [Jiyva's grace]
  2125 | D        | Lost mutation: You have a small jelly attached to you that senses nearby items. [Jiyva's grace]
  2125 | D        | Gained mutation: You are weak. (Str -2) [Jiyva's grace]
  2125 | D        | Lost mutation: You have a pair of large horns on your head. [Jiyva's grace]
  2126 | D        | Killed a catoblepas
  2126 | D        | Lost mutation: You are resistant to hostile enchantments. [Jiyva's grace]
  2127 | D        | Killed a spiny frog
  2127 | D        | Gained mutation: You are somewhat resistant to further mutation. [Jiyva's grace]
  2127 | D        | Lost mutation: You are somewhat resistant to further mutation. [Jiyva's grace]
  2127 | D        | Gained mutation: You evolve. [Jiyva's grace]
  2127 | D        | Lost mutation: You have a slow metabolism. [Jiyva's grace]
  2128 | D        | Killed a komodo dragon
  2128 | D        | Killed a komodo dragon
  2128 | D        | Gained mutation: You have a small jelly attached to you that may absorb incoming projectiles. [Jiyva's grace]
  2128 | D        | Lost mutation: You have supernaturally acute eyesight. [Jiyva's grace]
  2129 | D        | Gained mutation: You are agile. (Dex +2) [Jiyva's grace]
  2132 | D        | Gained mutation: You passively map a small area around you. [Jiyva's grace]
  2133 | D        | Killed a boulder beetle
  2133 | D        | Killed a six-headed hydra
  2197 | D        | Got the ring of Qegojy {-Tele rF+ Dex+3 Stlth-}
  2212 | D        | Got the cursed ring "Het Room" {Str+3 Dex-3 Slay+5}
  2235 | D        | Entered arena 26.
  2235 | D        | Noticed a guardian mummy
  2237 | D        | Killed a guardian mummy
  2239 | D        | Noticed a guardian mummy
  2242 | D        | Killed a guardian mummy
  2243 | D        | Noticed a flying skull
  2244 | D        | Noticed a flying skull
  2245 | D        | Noticed a flying skull
  2246 | D        | Noticed a flying skull
  2247 | D        | Noticed a flying skull
  2249 | D        | Noticed a guardian mummy
  2250 | D        | Killed a flying skull
  2251 | D        | Noticed a guardian mummy
  2252 | D        | Noticed a mummy priest
  2253 | D        | Killed a flying skull
  2253 | D        | Killed a flying skull
  2254 | D        | Noticed a mummy priest
  2254 | D        | Noticed a greater mummy
  2255 | D        | Noticed a guardian mummy
  2256 | D        | Killed a flying skull
  2257 | D        | Noticed a greater mummy
  2257 | D        | Noticed a guardian mummy
  2258 | D        | Noticed a mummy priest
  2260 | D        | Noticed a guardian mummy
  2260 | D        | Killed a shadow
  2261 | D        | Noticed a guardian mummy
  2261 | D        | Noticed a mummy priest
  2261 | D        | Killed a flying skull
  2262 | D        | Noticed a guardian mummy
  2262 | D        | Killed a mummy priest
  2263 | D        | Noticed a guardian mummy
  2263 | D        | Killed a guardian mummy
  2264 | D        | Noticed a mummy priest
  2264 | D        | Noticed a guardian mummy
  2265 | D        | Killed a mummy priest
  2266 | D        | Noticed a guardian mummy
  2267 | D        | Noticed a guardian mummy
  2267 | D        | Noticed a greater mummy
  2267 | D        | Noticed a guardian mummy
  2268 | D        | Killed a guardian mummy
  2269 | D        | Noticed a guardian mummy
  2269 | D        | Killed a guardian mummy
  2269 | D        | Killed a guardian mummy
  2270 | D        | Killed a mummy priest
  2271 | D        | Noticed a mummy priest
  2271 | D        | Killed a guardian mummy
  2271 | D        | Killed a guardian mummy
  2272 | D        | a guardian mummy changed into a death ooze
  2272 | D        | HP: 4/192 [greater mummy/divine providence (11)]
  2273 | D        | Noticed a guardian mummy
  2273 | D        | Gained mutation: You can breathe flames. [Jiyva's grace]
  2273 | D        | Lost mutation: Your body is partially covered in golden eyeballs (Acc +3). [Jiyva's grace]
  2274 | D        | Killed a mummy priest
  2274 | D        | Killed a guardian mummy
  2275 | D        | Killed a mummy priest
  2277 | D        | Killed a greater mummy
  2277 | D        | Killed by an indirect mummy death curse

Action                   |  1- 3 |  4- 6 |  7- 9 | 10-12 | 13-15 | 16-18 || total
-------------------------+-------+-------+-------+-------+-------+-------++-------
Melee: Broad axe         |     3 |    12 |    18 |   113 |   234 |    45 ||   425
Throw: Javelin           |       |       |       |       |    23 |    42 ||    65
Invok: Request Jelly     |       |       |     1 |     4 |     7 |     3 ||    15
       Jelly Paralyse    |       |       |       |       |     5 |       ||     5
       Cure Bad Mutation |       |       |       |       |     4 |       ||     4
       Slimify           |       |       |       |       |     2 |     1 ||     3
 Abil: Evoke Invisibilit |       |       |       |     1 |     2 |       ||     3
       Evoke Flight      |       |       |       |     1 |       |     1 ||     2
Evoke: Wand              |       |       |       |     8 |     3 |       ||    11
       Disc of storms    |       |       |       |     3 |     7 |       ||    10
       Fan of gales      |       |       |       |     2 |     6 |     2 ||    10
       Phial of floods   |       |       |       |       |     3 |     1 ||     4
       Sack of spiders   |       |       |       |       |     3 |       ||     3
       Lamp of fire      |       |       |       |       |     6 |     4 ||    10
  Use: Potion            |     3 |       |     1 |     4 |    13 |     2 ||    23
       Scroll            |       |       |       |     1 |    11 |     1 ||    13
 Stab: Distracted        |       |       |       |     3 |     7 |     2 ||    12
       Invisible         |       |       |       |     3 |    20 |       ||    23
       Confused          |       |       |       |       |    16 |       ||    16
       Petrifying        |       |       |       |       |     2 |       ||     2
